 Dungeon Crawl Stone Soup version 0.32-a0-43-g058985b245 (webtiles) character file.

Game seed: 14421632911427973771

34875 jlumianski the Grappler (level 13, -12/100 HPs)
             Began as a Gnoll Shapeshifter on Feb 4, 2024.
             Was a Priest of Wu Jian.
             Killed from afar by an electric eel (15 damage)
             ... with a bolt of electricity
             ... on level 10 of the Dungeon.
             The game lasted 01:09:54 (11797 turns).

jlumianski the Grappler (Gnoll Shapeshifter)       Turns: 11797, Time: 01:09:55

Health: -12/100    AC:  6    Str: 19    XL:     13   Next: 80%
Magic:  25/25      EV: 20    Int:  9    God:    Wu Jian [***...]
Gold:   486        SH: 15    Dex: 13    Spells: 12/28 levels left

rFire   . .          .
                       - Unarmed
rCold   + + +        p - +0 kite shield
rNeg    . . .        r - melded +0 plate armour
rPois   .            (no helmet)
rElec   .            h - +1 cloak
rCorr   .            P - +1 pair of gloves
SInv    .            f - +0 pair of boots of the Ageless Mystics {rC+++ Str-3 Dex+4}
Will    .....        g - amulet of reflection
Stlth   ++++         J - +5 ring of evasion
HPRegen 0.36/turn    (no ring)
MPRegen 0.19/turn

%: reflection
@: exhausted, maw-form
A: devouring maw, fangs 1, strong nose, distributed training, clumsy 1, strong 1
a: Begin Untransformation, Renounce Religion, Wall Jump, Serpent's Lash


You were on level 10 of the Dungeon.
You worshipped Wu Jian.
Wu Jian was most pleased with you.
You were a creature with a mouth for a stomach.
You visited 3 branches of the dungeon, and saw 13 of its levels.
You also visited: Bailey.

You collected 681 gold pieces.
You spent 195 gold pieces at shops.

Inventory:

Hand Weapons
 T - the +5 war axe "Jumosun" {spect, Str+3}
   (You took it off a gnoll on level 8 of the Dungeon)

   Str+3:     It affects your strength (+3).
Missiles
 k - 14 poisoned darts
 v - 4 throwing nets
 F - 19 boomerangs (quivered)
Armour
 f - the +0 pair of boots of the Ageless Mystics (worn) {rC+++ Str-3 Dex+4}
   (You found it on level 2 of the Dungeon)

   Str-3:     It affects your strength (-3).
   Dex+4:     It affects your dexterity (+4).
   rC+++:     It renders you almost immune to cold.
 h - a +1 cloak (worn)
 p - a +0 kite shield (worn)
 r - a +0 plate armour (melded)
 P - a +1 pair of gloves (worn)
 Z - a scarf of repulsion
Jewellery
 g - an amulet of reflection (around neck)
 E - an amulet of guardian spirit
 J - a +5 ring of evasion (left hand)
Talismans
 c - a beast talisman
 d - a flux talisman
 j - a maw talisman (active)
Wands
 n - a wand of polymorph (10)
 o - a wand of iceblast (2)
 D - a wand of flame (24)
 M - a wand of charming (12)
Scrolls
 a - a scroll of fog
 i - 3 scrolls of teleportation
 m - a scroll of enchant weapon
 x - a scroll of summoning
 y - 2 scrolls of silence
 N - 4 scrolls of poison
 O - 2 scrolls of immolation
 V - a scroll of amnesia
Potions
 b - a potion of lignification
 e - a potion of curing
 l - a potion of haste
 q - a potion of magic
 s - a potion of heal wounds {unknown}
 t - 2 potions of resistance
 u - a potion of attraction
 w - a potion of cancellation
 C - a potion of might
 I - a potion of enlightenment
 K - a potion of brilliance {unknown}
 L - 2 potions of ambrosia {unknown}
 Q - a potion of degeneration {unknown}


   Skills:
 + Level 8.9 Fighting
 + Level 8.4 Short Blades
 + Level 8.4 Long Blades
 + Level 8.4 Axes
 + Level 8.4 Maces & Flails
 + Level 8.4 Polearms
 + Level 8.4 Staves
 + Level 8.4 Ranged Weapons
 + Level 8.4 Throwing
 + Level 8.4 Armour
 + Level 9.6 Dodging
 + Level 8.4 Stealth
 + Level 8.4 Shields
 + Level 10.7 Unarmed Combat
 + Level 8.4 Spellcasting
 + Level 7.0 Conjurations
 + Level 7.0 Hexes
 + Level 7.0 Summonings
 + Level 7.0 Necromancy
 + Level 7.0 Translocations
 + Level 7.0 Fire Magic
 + Level 7.0 Ice Magic
 + Level 7.0 Air Magic
 + Level 7.0 Earth Magic
 + Level 7.0 Alchemy
 + Level 9.2 Invocations
 + Level 8.4 Evocations
 + Level 10.1 Shapeshifting


You had 12 spell levels left.
You knew the following spells:

 Your Spells              Type           Power      Damage    Failure   Level
a - Cigotuvi's Dreadful   Necr/Alch/Air  32%        N/A       3%          2
b - Gell's Gravitas       Tloc           16%        N/A       6%          3
c - Ensorcelled Hibernat  Hex/Ice        32%        N/A       3%          2
d - Tukima's Dance        Hex            16%        N/A       6%          3
e - Iskenderun's Mystic   Conj/Tloc      16%        2d5       19%         4
f - Blink                 Tloc           32%        N/A       3%          2

Your spell library contained the following spells:

 Spells                   Type           Power      Damage    Failure   Level
 Magic Dart               Conj           64%        1d6       1%          1
 Call Imp                 Summ           32%        N/A       3%          2
 Call Canine Familiar     Summ           16%        N/A       6%          3
 Passwall                 Erth           16%        N/A       6%          3
 Sigil of Binding         Hex            16%        N/A       6%          3
 Swiftness                Air            16%        N/A       6%          3
 Teleport Other           Tloc           16%        N/A       6%          3
 Dimensional Bullseye     Hex/Tloc       8%         N/A       19%         4
 Ignite Poison            Fire/Alch      16%        N/A       19%         4
 Alistair's Intoxication  Alch           10%        N/A       47%         5
 Borgnjor's Vile Clutch   Necr/Erth      8%         N/A       47%         5
 Freezing Cloud           Conj/Ice/Air   8%         6-21      47%         5
 Dispersal                Tloc           8%         N/A       96%         6
 Eringya's Noxious Bog    Alch           8%         4d6       96%         6


Dungeon Overview and Level Annotations

Branches:
Dungeon (11/15)            Temple (1/1) D:6            Lair (0/5) D:10
    Orc (1/2) D:10         Bailey (visited)

Altars:
Ashenzari
Cheibriados
Dithmenos
Elyvilon
Fedhas
Gozag
Hepliaklqana
Kikubaaqudgha
Nemelex Xobeh
Okawaru
Qazlal
Sif Muna
Trog
Uskayaw
Vehumet
Wu Jian
Yredelemnul
Zin
The Shining One

Shops:
D:5 !(   D:7 :

Annotations:
D:6 Jeremiah
D:11 Harold


Innate Abilities, Weirdness & Mutations

You are a creature with a mouth for a stomach.
Your midsection houses a second, enormous mouth.
You have very sharp teeth.
Your uncanny sense of smell can sniff out nearby items.
Your experience applies equally to all skills.
You are clumsy. (Dex -2)
Your muscles are strong. (Str +4, Int/Dex -1)


Message History

You start resting.
An electric eel is nearby!
You start resting.
HP restored.
The electric eel shoots out a bolt of lightning at you!
The bolt of electricity hits you! x2
The electric eel shoots out a bolt of lightning at you!
The bolt of electricity hits you!
The electric eel shoots out a bolt of lightning at you!
The bolt of electricity hits you! x2
The electric eel shoots out a bolt of lightning at you!
The bolt of electricity misses you.
You miss the electric eel. Your bite misses the electric eel.
The electric eel shoots out a bolt of lightning at you!
The bolt of electricity hits you!
The electric eel shoots out a bolt of lightning at you!
The bolt of electricity hits you!
* * * LOW HITPOINT WARNING * * *
The electric eel shoots out a bolt of lightning at you!
The bolt of electricity hits you!
* * * LOW HITPOINT WARNING * * *
The electric eel shoots out a bolt of lightning at you!
The bolt of electricity hits you.
* * * LOW HITPOINT WARNING * * *
The bolt of electricity hits you!
* * * LOW HITPOINT WARNING * * *
The electric eel shoots out a bolt of lightning at you!
The bolt of electricity misses you.
Okay, then.
Unknown command.
Unknown command.
You feel better.
The electric eel shoots out a bolt of lightning at you!
The bolt of electricity hits you!
* * * LOW HITPOINT WARNING * * *
Your muscles tense, ready for explosive movement...
Your supernatural speed expires.
The electric eel shoots out a bolt of lightning at you!
The bolt of electricity hits you!
You die...

#.##~...≈~#
#.##~...~~#
#.##~~...~##
#.# #~...S~#
#.###≈~...≈##
#..###~...S~#
##.# #~≈...S#
#.#####...##
#...W.○○..#
###########


You could see an electric eel.

Vanquished Creatures
  An orc warlord (Bailey)
  A hydra (D:10)
  2 orc knights (Bailey)
  A manticore (D:10)
  A rime drake (D:10)
  2 unseen horror zombies (D:8)
  A polar bear (D:10)
  2 raiju (D:10)
  Eustachio (D:6)
  A steam dragon (D:7)
  2 water moccasins
  9 orc warriors
  8 ice beasts
  2 black bears
  4 ogres
  2 wolves (D:10)
  5 centaurs
  3 phantoms
  A kobold brigand (D:9)
  A gnoll sergeant (D:8)
  2 scorpions
  A wyvern zombie (D:8)
  4 wights (D:8)
  An electric eel (D:10)
  4 centaur zombies (D:8)
  5 orc priests
  A jelly (D:5)
  A bombardier beetle (D:4)
  A gnoll bouda (D:7)
  2 hounds
  3 iguanas
  8 orc wizards
  A killer bee zombie (D:8)
  33 gnolls
  6 adders
  5 dart slugs
  2 ribbon worms (D:2)
  43 orcs
  6 bats
  7 endoplasms
  6 giant cockroaches
  20 goblins
  16 hobgoblins
  5 jackals
  3 quokkas
  3 training dummies (D:5)
  9 ball pythons
  3 frilled lizards
  8 kobolds
  8 rats
267 creatures vanquished.

Vanquished Creatures (others)
  A gnoll (Bailey)
  A shadow imp (D:7)
  A hobgoblin (Bailey)
3 creatures vanquished.

Grand Total: 270 creatures vanquished

Notes
Turn   | Place    | Note
-------+----------+-------------------------------------------
     0 | D:1      | jlumianski the Gnoll Shapeshifter began the quest for the
                  | Orb.
     0 | D:1      | Reached XP level 1. HP: 17/17 MP: 1/1
   115 | D:1      | Reached XP level 2. HP: 21/23 MP: 2/2
   130 | D:2      | Identified the +0 pair of boots of the Ageless Mystics
                  | {rC+++ Str-3 Dex+4}
   668 | D:1      | Found a faded altar of an unknown god.
   820 | D:2      | Reached XP level 3. HP: 25/28 MP: 2/4
   866 | D:2      | Reached skill level 1 in Invocations
   902 | D:3      | Reached skill level 1 in Short Blades
   902 | D:3      | Reached skill level 1 in Long Blades
   902 | D:3      | Reached skill level 1 in Axes
   902 | D:3      | Reached skill level 1 in Maces & Flails
   902 | D:3      | Reached skill level 1 in Polearms
   902 | D:3      | Reached skill level 1 in Staves
   902 | D:3      | Reached skill level 1 in Ranged Weapons
   902 | D:3      | Reached skill level 1 in Throwing
   902 | D:3      | Reached skill level 1 in Armour
   902 | D:3      | Reached skill level 1 in Stealth
   902 | D:3      | Reached skill level 1 in Shields
   902 | D:3      | Reached skill level 1 in Spellcasting
   902 | D:3      | Reached skill level 1 in Evocations
  1140 | D:3      | Reached XP level 4. HP: 16/34 MP: 5/5
  1277 | D:3      | Reached skill level 1 in Conjurations
  1277 | D:3      | Reached skill level 1 in Hexes
  1277 | D:3      | Reached skill level 1 in Summonings
  1277 | D:3      | Reached skill level 1 in Necromancy
  1277 | D:3      | Reached skill level 1 in Translocations
  1277 | D:3      | Reached skill level 1 in Fire Magic
  1277 | D:3      | Reached skill level 1 in Ice Magic
  1277 | D:3      | Reached skill level 1 in Air Magic
  1277 | D:3      | Reached skill level 1 in Earth Magic
  1277 | D:3      | Reached skill level 1 in Alchemy
  1430 | D:3      | Found a bloodstained altar of Trog.
  1619 | D:4      | Found a glowing golden altar of the Shining One.
  1994 | D:2      | Reached XP level 5. HP: 40/40 MP: 7/7
  2673 | D:4      | Noticed a phantom
  2741 | D:4      | Killed a phantom
  2742 | D:4      | Reached XP level 6. HP: 47/47 MP: 8/8
  2764 | D:5      | Entered Level 5 of the Dungeon
  2764 | D:5      | Found Codudoj's Distillery.
  2767 | D:5      | Bought a potion of curing for 45 gold pieces
  2767 | D:5      | Bought 2 potions of curing for 90 gold pieces
  2915 | D:4      | Reached skill level 5 in Dodging
  3481 | D:3      | Reached XP level 7. HP: 43/52 MP: 10/10
  3542 | D:4      | Found a sparkling altar of Nemelex Xobeh.
  3697 | D:4      | Found a hide-covered altar of Uskayaw.
  4302 | D:5      | Bought a potion of might for 60 gold pieces
  4550 | D:5      | Reached XP level 8. HP: 37/60 MP: 7/12
  5011 | D:5      | Found Hiczihog's Firing Range.
  5057 | D:5      | Found a hazy altar of Hepliaklqana.
  5266 | D:5      | Found an iron altar of Okawaru.
  5276 | D:5      | Found a radiant altar of Vehumet.
  5424 | D:6      | Noticed Eustachio
  5431 | D:6      | Killed Eustachio
  5471 | D:6      | Found a staircase to the Ecumenical Temple.
  5480 | Temple   | Entered the Ecumenical Temple
  5503 | Temple   | Became a worshipper of the Wu Jian Council
  5844 | D:6      | Found a blossoming altar of Fedhas.
  5868 | D:6      | Noticed Jeremiah
  6561 | D:7      | Found Gongea Zein's Vocational Training.
  6761 | D:6      | Reached XP level 9. HP: 36/66 MP: 10/14
  7161 | D:7      | Found an opulent altar of Gozag.
  7187 | D:7      | Reached skill level 5 in Fighting
  7517 | D:7      | Learned a level 2 spell: Cigotuvi's Dreadful Rot
  7521 | D:7      | Learned a level 3 spell: Gell's Gravitas
  7896 | D:8      | Found a basalt altar of Yredelemnul.
  7943 | D:8      | Reached skill level 5 in Invocations
  8102 | D:9      | Identified the +0 leather armour of Proximity {Regen+ rCorr
                  | Str+2 Dex+4}
  8255 | D:8      | Reached * piety under Wu Jian
  8385 | D:9      | Learned a level 2 spell: Ensorcelled Hibernation
  8474 | D:9      | Learned a level 3 spell: Tukima's Dance
  8501 | D:9      | Reached skill level 5 in Short Blades
  8501 | D:9      | Reached skill level 5 in Long Blades
  8501 | D:9      | Reached skill level 5 in Axes
  8501 | D:9      | Reached skill level 5 in Maces & Flails
  8501 | D:9      | Reached skill level 5 in Polearms
  8501 | D:9      | Reached skill level 5 in Staves
  8501 | D:9      | Reached skill level 5 in Ranged Weapons
  8501 | D:9      | Reached skill level 5 in Throwing
  8501 | D:9      | Reached skill level 5 in Armour
  8501 | D:9      | Reached skill level 5 in Stealth
  8501 | D:9      | Reached skill level 5 in Shields
  8501 | D:9      | Reached skill level 5 in Spellcasting
  8501 | D:9      | Reached skill level 5 in Evocations
  8501 | D:9      | Reached XP level 10. HP: 76/76 MP: 17/17
  8522 | D:9      | Identified the +10 hand axe of the Volcano {antimagic,
                  | *Corrode Int-3 Dex+6}
  8552 | D:10     | Entered Level 10 of the Dungeon
  8631 | D:9      | Found a flagged portal.
  8646 | Bailey   | Entered a bailey
  8772 | Bailey   | Noticed an orc knight
  8791 | Bailey   | Killed an orc knight
  8916 | Bailey   | Reached ** piety under Wu Jian
  8934 | Bailey   | Noticed an orc knight
  8960 | Bailey   | Killed an orc knight
  9159 | Bailey   | Reached skill level 5 in Conjurations
  9159 | Bailey   | Reached skill level 5 in Hexes
  9159 | Bailey   | Reached skill level 5 in Summonings
  9159 | Bailey   | Reached skill level 5 in Necromancy
  9159 | Bailey   | Reached skill level 5 in Translocations
  9159 | Bailey   | Reached skill level 5 in Fire Magic
  9159 | Bailey   | Reached skill level 5 in Ice Magic
  9159 | Bailey   | Reached skill level 5 in Air Magic
  9159 | Bailey   | Reached skill level 5 in Earth Magic
  9159 | Bailey   | Reached skill level 5 in Alchemy
  9159 | Bailey   | Reached XP level 11. HP: 84/84 MP: 18/21
  9160 | Bailey   | Reached skill level 10 in Unarmed Combat
  9160 | Bailey   | Reached XP level 12. HP: 92/92 MP: 18/23
  9161 | Bailey   | Noticed an orc warlord
  9198 | Bailey   | Killed an orc warlord
  9259 | Bailey   | Reached skill level 10 in Shapeshifting
  9259 | Bailey   | Reached XP level 13. HP: 99/99 MP: 23/25
  9265 | Bailey   | Learned a level 4 spell: Iskenderun's Mystic Blast
  9304 | D:9      | Learned a level 2 spell: Blink
  9549 | D:9      | Identified the +4 flail of Valour {drain, *Slow Str+4
                  | Int+5}
  9568 | D:9      | Gained mutation: You are clumsy. (Dex -2) [potion of
                  | mutation]
  9568 | D:9      | Gained mutation: Your muscles are strong. (Str +4, Int/Dex
                  | -1) [potion of mutation]
  9636 | D:9      | Found a white marble altar of Elyvilon.
 10168 | D:8      | Found a snail-covered altar of Cheibriados.
 10298 | D:8      | Identified the +5 war axe "Jumosun" {spect, Str+3}
 10325 | D:8      | Reached *** piety under Wu Jian
 10458 | D:10     | Found a staircase to the Orcish Mines.
 10498 | Orc:1    | Entered Level 1 of the Orcish Mines
 11182 | D:10     | Found a staircase to the Lair.
 11289 | D:11     | Noticed Harold
 11795 | D:10     | HP: 1/100 [electric eel/bolt of electricity (12)]
 11797 | D:10     | Killed from afar by an electric eel

Illustrated notes

Levels and vault maps discovered:
D:1:      roderic_crossed_star, layout_loops_ring,
          shapermc_ecumenical_altar_petra, minmay_strange_pillars
D:2:      minmay_recursive_quarters, layout_basic, minmay_pentomino_r2
D:3:      layout_rooms, trog_three_pillars_becter
D:4:      cheibrodos_helix_gallery, layout_loops_ring, lemuel_doored_altar,
          lemuel_tele_altar, lemuel_coloured_pillars_altar
D:5:      layout_loops_corners, kennysheep_little_box,
          amethyst_overflow_temple_binary, serial_shops, nicolae_stop_n_shop_2,
          nicolae_shop_firing_range
D:6:      layout_gridville, fedhas_altar_2, minmay_temple_entry_sparse_star,
          uniq_jeremiah, uniq_eustachio
D:7:      layout_rooms, mainiacjoe_overflow_alcove_2, serial_bayou_pond_c,
          nicolae_shop_vocational
D:8:      layout_loops_ring, cheibriados_altar_1,
          nicolae_yredelemnul_corpse_copse
D:9:      layout_roguey, elyvilon_altar_5, enter_bailey_1
D:10:     layout_gridville, grunt_temple_overflow_champion_of_chaos,
          mainiacjoe_overflow_six_doors_small, hellmonk_lair_entry_icy,
          orc_0_dummy, serial_shops, nicolae_shop_gaudy_bauble,
          nicolae_have_a_lightning_rod
D:11:     layout_loops_corners, serial_library,
          serial_library_hellmonk_reading_circle,
          serial_library_hellmonk_double_dead_end,
          serial_library_hellmonk_small_corner, serial_library_hellmonk_room_a,
          serial_library_hellmonk_long_bookcase,
          serial_library_hellmonk_small_corner,
          serial_library_hellmonk_open_cross, serial_library_hellmonk_h_bend,
          serial_library_hellmonk_h_bend, kennysheep_small_square, uniq_erica,
          uniq_harold
Temple:   nicolae_temple_ecumenical_triangle
Orc:1:    layout_caves, uniq_urug

Skill      XL: |  1  2  3  4  5  6  7  8  9 10 11 12 13 |
---------------+----------------------------------------+-----
Invocations    | 1 2 3 4 5 7 8 9 |  9.2
Short Blades   | 1 2 3 5 6 7 8 |  8.4
Long Blades    | 1 2 3 5 6 7 8 |  8.4
Axes           | 1 2 3 5 6 7 8 |  8.4
Maces & Flails | 1 2 3 5 6 7 8 |  8.4
Polearms       | 1 2 3 5 6 7 8 |  8.4
Staves         | 1 2 3 5 6 7 8 |  8.4
Ranged Weapons | 1 2 3 5 6 7 8 |  8.4
Throwing       | 1 2 3 5 6 7 8 |  8.4
Armour         | 1 2 3 5 6 7 8 |  8.4
Stealth        | 1 2 3 5 6 7 8 |  8.4
Shields        | 1 2 3 5 6 7 8 |  8.4
Spellcasting   | 1 2 3 5 6 7 8 |  8.4
Evocations     | 1 2 3 5 6 7 8 |  8.4
Conjurations   | 1 2 3 4 5 6 7 |  7.0
Hexes          | 1 2 3 4 5 6 7 |  7.0
Summonings     | 1 2 3 4 5 6 7 |  7.0
Necromancy     | 1 2 3 4 5 6 7 |  7.0
Translocations | 1 2 3 4 5 6 7 |  7.0
Fire Magic     | 1 2 3 4 5 6 7 |  7.0
Ice Magic      | 1 2 3 4 5 6 7 |  7.0
Air Magic      | 1 2 3 4 5 6 7 |  7.0
Earth Magic    | 1 2 3 4 5 6 7 |  7.0
Alchemy        | 1 2 3 4 5 6 7 |  7.0
Fighting       | 3 4 5 7 8 |  8.9
Dodging        | 5 6 8 9 |  9.6
Unarmed Combat | 7 8 9 10 | 10.7
Shapeshifting  | 7 8 9 10 | 10.1

Action                     |  1- 3 |  4- 6 |  7- 9 | 10-12 | 13-15 || total
---------------------------+-------+-------+-------+-------+-------++-------
  Melee: Unarmed           |    55 |   143 |   344 |   177 |   213 ||   932
         Bite              |     3 |    11 |    40 |    33 |    32 ||   119
         Punch             |     1 |       |       |       |       ||     1
         Maw               |       |       |       |       |     4 ||     4
  Throw: Boomerang         |       |       |     4 |       |     6 ||    10
   Cast: Blink             |       |       |       |       |     1 ||     1
         Iskenderun's Myst |       |       |       |       |     1 ||     1
 Invoke: Serpent's Lash    |       |       |       |       |     1 ||     1
Ability: Lunge             |       |       |    21 |     5 |     9 ||    35
         Whirlwind         |       |       |       |    10 |    19 ||    29
         Wall Jump         |       |       |       |    12 |    23 ||    35
  Evoke: Wand              |       |       |     2 |     6 |     6 ||    14
    Use: Scroll            |       |     5 |    11 |       |     2 ||    18
         Potion            |       |     5 |     2 |     3 |     5 ||    15
   Stab: Sleeping          |       |       |     2 |       |     1 ||     3
         Distracted        |       |       |       |       |     1 ||     1
 Armour: Animal skin       |     9 |       |       |       |       ||     9
         Chain mail        |    24 |    18 |       |       |       ||    42
         Plate armour      |       |    85 |   198 |       |       ||   283
         Skin              |       |       |    49 |    30 |    79 ||   158
  Dodge: Dodged            |    27 |    20 |   236 |   114 |   193 ||   590
  Block: Kite shield       |       |    47 |   101 |       |     2 ||   150
         Other             |       |       |       |       |    31 ||    31
         Reflection        |       |       |       |       |     1 ||     1
   Form: Flux              |       |       |     1 |       |       ||     1
         Maw               |       |       |       |       |     1 ||     1

Table legend: (Time is in decaauts)
 A = Elapsed time spent in this place.
 B = Non-inter-level travel time spent in this place.
 C = Inter-level travel time spent in this place.
 D = Time resting spent in this place.
 E = Time spent auto-exploring this place.
 F = Levels seen in this place.
 G = Mean time per level.
                   A        B        C        D        E       F      G
               +--------+--------+--------+--------+--------+-----+--------+
         Total |  11833 |  11482 |    351 |   2194 |   4875 |  14 |  845.2 |
       Dungeon |  11141 |  10790 |    351 |   2016 |   4875 |  11 | 1012.8 |
        Temple |     38 |     38 |      0 |      0 |      0 |   1 |   38.0 |
  Orcish Mines |     17 |     17 |      0 |      0 |      0 |   1 |   17.0 |
        Bailey |    636 |    636 |      0 |    178 |      0 |   1 |  636.0 |
               +--------+--------+--------+--------+--------+-----+--------+

Top non-repeatable levels by time:
     D:5: 1904 daAuts
    D:10: 1313 daAuts
     D:4: 1232 daAuts
     D:6: 1216 daAuts
     D:8: 1167 daAuts
     D:2: 1040 daAuts
     D:9: 944 daAuts
     D:3: 838 daAuts
     D:1: 788 daAuts
     D:7: 692 daAuts
  Bailey: 636 daAuts
  Temple: 38 daAuts
   Orc:1: 17 daAuts
    D:11: 1 daAuts
